 Dungeon Crawl Stone Soup version bcrawl-1.20.1-3-gdcb1fc31ed (webtiles) character file.

Game seed: 10883195467801405053

40 KristoblXynda the Covered (level 3, 0/34 HPs)
             Began as a Deep Dwarf Fighter on Jan 31, 2020.
             Was a Believer of Elyvilon.
             Slain by Sigmund
             ... wielding a +1 scythe of slicing
              (6 damage)
             ... on level 2 of the Dungeon.
             The game lasted 00:03:28 (1050 turns).

KristoblXynda the Covered (Deep Dwarf Fighter)      Turns: 1050, Time: 00:03:28

Health: 0/34       AC:  8    Str: 19    XL:     3   Next: 30%
Magic:  3/3        EV:  7    Int:  9    God:    Elyvilon [**....]
Gold:   95         SH:  9    Dex: 12    Spells: 2/2 levels left

rFire    . . .     SeeInvis .   m - +1 hand axe (chop)
rCold    . . .     Gourm    .   c - +0 shield
rNeg     . . .     Faith    .   b - +0 scale mail
rPois    .         Spirit   .   k - +0 helmet
rElec    .         Reflect  .   (no cloak)
rCorr    .         Harm     .   (no gloves)
MR       .....                  (no boots)
Stlth    ..........             (no amulet)
HPRegen  0.00/turn              (no ring)
MPRegen  0.08/turn              (no ring)

@: non-regenerating
A: damage resistance, sense surroundings 1, no regeneration
a: Lesser Healing, Heal Other, Divine Protection, Renounce Religion


You were on level 2 of the Dungeon.
You worshipped Elyvilon.
Elyvilon was pleased with you.
You were not hungry.

You visited 1 branch of the dungeon, and saw 2 of its levels.

You collected 95 gold pieces.

Inventory:

Hand Weapons
 a - a +0 war axe
 m - a +1 hand axe of chopping (weapon)
Armour
 b - a +0 scale mail (worn)
 c - a +0 shield (worn)
 k - a +0 helmet (worn)
Scrolls
 f - 2 scrolls of identify {unknown}
 h - a scroll of magic mapping {unknown}
 l - a scroll of teleportation {unknown}
 n - a scroll of amnesia {unknown}
Potions
 d - a potion of might
 g - a potion of mutation {unknown}
 i - a potion of flight {unknown}
 j - a potion of curing {unknown}
 p - 2 potions of lignification {unknown}
Comestibles
 e - 5 rations {!d}


   Skills:
 - Level 3.0 Fighting
 * Level 3.3 Axes
 + Level 3.7 Armour
 + Level 3.7 Shields


You had 2 spell levels left.
You didn't know any spells.
Your spell library was empty.

Dungeon Overview and Level Annotations

Branches:
Dungeon (2/12)

Altars:

Annotations:
D:2 Sigmund


Innate Abilities, Weirdness & Mutations

You are resistant to damage.
You passively map a small area around you.
You do not regenerate.


Message History

The magic dart hits you! Sigmund barely misses you.
You closely miss Sigmund.
Sigmund is moderately wounded.
You hit Sigmund.
Sigmund is heavily wounded.
Sigmund hits you with a +1 scythe of slicing.
* * * LOW HITPOINT WARNING * * *
You hit Sigmund but do no damage.
Sigmund is heavily wounded.
Sigmund screams, "I am the angel of ZOT!!!"
Sigmund hits you with a +1 scythe of slicing.
* * * LOW HITPOINT WARNING * * *
You closely miss Sigmund.
Sigmund is heavily wounded.
Sigmund casts a spell at you. The puff of flame hits you!
You closely miss Sigmund.
Sigmund is heavily wounded.
Sigmund hits you with a +1 scythe of slicing!
You die...

...#..# ).<......#............
....#..####.......##.....)......
#.......#..##.##.##%...........
#..###.....##.##.##.$.......... #
#.......##.##.......!......w...
.##...#....#..#................$.
.........#..#.#........#...?..#,,
..............(<...........#.####
........##..##.)@@........##....#
........###............##.##<...#
.....>.##..............#,.##.####
......##................. ...#*
..#.##.................#.#....,
.......##..................)..
....>.######.....##..##..##...#
.......# ,.....## #....# ##..#
........#* **,.#* *#..#


You could see Sigmund.

Vanquished Creatures
  An ooze (D:2)
  2 worms
  A leopard gecko (D:2)
  3 giant cockroaches
  5 goblins
  A quokka (D:2)
  3 bats (D:1)
  A frilled lizard (D:1)
  6 kobolds
  7 rats
30 creatures vanquished.

Notes
Turn   | Place    | Note
-------+----------+-------------------------------------------
     0 | D:1      | KristoblXynda the Deep Dwarf Fighter began the quest for
                  | the Orb.
     0 | D:1      | Reached XP level 1. HP: 21/21 MP: 1/1
   170 | D:1      | Reached XP level 2. HP: 25/28 MP: 2/2
   527 | D:1      | Reached ** piety under Elyvilon
   679 | D:2      | Noticed Sigmund
   816 | D:2      | Reached XP level 3. HP: 11/34 MP: 3/3
  1050 | D:2      | Slain by Sigmund

Skill      XL: |  1  2 |
---------------+-------+-----
Axes           | 3 |  3.3
Fighting       | |  3.0
Armour         | |  3.7
Shields        | |  3.7

Action                   || total
-------------------------++-------
Melee: War axe           ||    50
       Hand axe          ||    49
Invok: Lesser Healing    ||     2
  Eat: Chunk             ||     1
Armor: Scale mail        ||    30
Dodge: Dodged            ||    27
Block: Shield            ||    49
